 Dungeon Crawl Stone Soup version 0.19-a0-1637-gfc13266 (webtiles) character file.

519 Amnesiac the Charlatan (level 7, -7/38 HPs)
             Began as a Kobold Artificer on Sept 19, 2016.
             Was an Initiate of Gozag.
             Killed by nerve-wracking pain
             ... invoked by an orc priest
              (10 damage)
             ... on level 3 of the Dungeon.
             The game lasted 00:07:28 (3801 turns).

Amnesiac the Charlatan (Kobold Artificer)           Turns: 3801, Time: 00:07:29

Health: -7/38      AC: 11    Str: 11    XL:     7   Next: 45%
Magic:  10/10      EV: 11    Int: 12    God:    Gozag
Gold:   179        SH:  6    Dex: 16    Spells: 0 memorised, 6 levels left

rFire  . . .     SeeInvis .     u - +1 mace (protect)
rCold  . . .     Gourm    .     i - +0 scale mail (curse)
rNeg   . . .     Faith    .     k - +0 buckler
rPois  .         Spirit   .     (no helmet)
rElec  .         Dismiss  .     (no cloak)
rCorr  .         Reflect  .     (no gloves)
MR     .....     Harm     .     (no boots)
Stlth  +.........               l - amulet of regeneration
                                (no ring)
                                (no ring)

@: gold aura
A: carnivore 3
a: Potion Petition, Call Merchant, Bribe Branch, Renounce Religion


You were on level 3 of the Dungeon.
You worshipped Gozag.
Gozag was aware of your devotion.
You were full.

You visited 2 branches of the dungeon, and saw 6 of its levels.

You collected 257 gold pieces.
You paid 78 gold pieces to Gozag.

Inventory:

Hand Weapons
 a - a +0 short sword
 s - a +0 morningstar
 u - a +1 mace of protection (weapon)
Armour
 b - a +0 leather armour
 i - a cursed +0 scale mail (worn)
 j - a +1 ring mail
 k - a +0 buckler (worn)
Jewellery
 l - an amulet of regeneration (around neck)
Wands
 c - a wand of flame (9/48)
 d - a wand of enslavement (13/24)
 e - a wand of random effects (15/48)
 w - a wand of digging (14/24)
Scrolls
 m - a scroll of noise {unknown}
 o - 2 scrolls of remove curse {unknown}
 p - a scroll of identify
 r - a scroll of fog {unknown}
 v - 2 scrolls of amnesia {unknown}
Potions
 g - a potion of agility
 h - 4 potions of flight
 n - a potion of curing {unknown}
 q - a potion of mutation {unknown}
 x - a potion of heal wounds {unknown}
Books
 t - a Fen Folio

   Spells                             Type                      Level
   a - Corpse Rot                     Necromancy                   2
   b - Stone Arrow                    Conjuration/Earth            3
   c - Leda's Liquefaction            Hexes/Earth                  4
   d - Summon Forest                  Summoning/Translocation      5
   e - Hydra Form                     Transmutation                6
   f - Summon Hydra                   Summoning                    7
Comestibles
 f - 2 meat rations


   Skills:
 - Level 1.1 Fighting
 - Level 1.3 Short Blades
 + Level 4.6 Maces & Flails
 - Level 2.4 Dodging
 - Level 1.3 Stealth
 - Level 3.2 Shields
 - Level 5.0 Evocations


You had 6 spell levels left.
You didn't know any spells.

Dungeon Overview and Level Annotations

Branches:
Dungeon (5/15)             Temple (1/1) D:5

Altars:
Ashenzari
Cheibriados
Dithmenos
Fedhas
Gozag
Kikubaaqudgha
Makhleb
Okawaru
Qazlal
Ru
Trog
Uskayaw
Vehumet
Xom
The Shining One

Annotations:
D:2 Ijyb


Innate Abilities, Weirdness & Mutations

You are small and have problems with some larger weapons.
You are carnivorous and can eat meat at any time.


Message History

You hit the orc priest but do no damage.
The orc priest mumbles some strange prayers to Beogh against you.
Pain shoots through your body!
* * * LOW HITPOINT WARNING * * *
You are too injured to fight recklessly!
You are too injured to fight recklessly!
You are too injured to fight recklessly!
You are too injured to fight recklessly!
You are too injured to fight recklessly!
Unknown command.
Evoke which item? (* to show all) (? for menu, Esc to quit)
Zapping:
d - a wand of enslavement (14/24)
Press: ? - help, Shift-Dir - straight line, f - orc priest
Aim: an orc priest, wielding a short sword and wearing a runed ring mail (chance to defeat MR: 56%)
The orc priest resists with significant effort.
This wand has 13 charges left.
The orc priest calls down the wrath of Beogh upon you.
Pain shoots through your body!
You die...
Your body crumbles into a pile of gold.

.....# #...#.##..........# #.#
###### #...#.##..........# #.#
########...#.##..........####.#
.......................>......#
####.#.....#.###.........######
...#.#.###.#.# #.#######.#
...#.#.# #.#.# #.# #.# ...#.#.#
#.#.###.# #.# ...#.#.#
#.....#@# #.#
...#.#.###.....#o# #.#
.........#.....#o# #.#
####.#...#.#.###.# #.# ##
#.#.[.#.#.# #.# #.# .#
#.##....#.# #.# #.# .#
#....####.###.#######.#
.###....####.##........#.#
........#....##........#.#


You could see an orc priest and an orc.

Vanquished Creatures
  A phantom (D:4)
  An ogre (D:5)
  A scorpion (D:5)
  A howler monkey (D:4)
  A centaur skeleton (D:4)
  An iguana (D:4)
  2 worker ants (D:5)
  A hound skeleton (D:5)
  5 gnolls
  An adder (D:4)
  An ooze (D:3)
  An adder skeleton (D:4)
  2 leopard geckos (D:4)
  16 orcs
  7 bats
  8 giant cockroaches
  2 goblins (D:1)
  A hobgoblin (D:3)
  3 kobolds
  A quokka (D:4)
  3 frilled lizards
  A rat (D:3)
61 creatures vanquished.

Vanquished Creatures (collateral kills)
  A gnoll (D:4)
1 creature vanquished.

Vanquished Creatures (others)
  A gnoll (D:4)
1 creature vanquished.

Grand Total: 63 creatures vanquished

Notes
Turn   | Place    | Note
-------+----------+-------------------------------------------
     0 | D:1      | Amnesiac the Kobold Artificer began the quest for the Orb.
     0 | D:1      | Reached XP level 1. HP: 12/12 MP: 3/3
   133 | D:1      | Reached skill level 4 in Evocations
   183 | D:1      | Reached XP level 2. HP: 4/16 MP: 5/5
   541 | D:2      | Noticed Ijyb
   829 | D:4      | Reached XP level 3. HP: 12/20 MP: 6/6
   985 | D:5      | Entered Level 5 of the Dungeon
   985 | D:5      | Noticed a phantom
  1046 | D:4      | Reached skill level 5 in Evocations
  1065 | D:5      | Noticed an ogre
  1135 | D:4      | Reached skill level 1 in Shields
  1135 | D:4      | Reached XP level 4. HP: 11/25 MP: 7/7
  1665 | D:4      | Reached XP level 5. HP: 24/29 MP: 8/8
  2096 | D:4      | Killed a phantom
  2096 | D:4      | Reached XP level 6. HP: 16/34 MP: 9/9
  2376 | D:5      | Killed an ogre
  2376 | D:5      | Reached XP level 7. HP: 38/38 MP: 10/10
  2760 | D:5      | Found a staircase to the Ecumenical Temple.
  2781 | Temple   | Entered the Ecumenical Temple
  2989 | Temple   | Became a worshipper of Gozag Ym Sagoz the Greedy
  3801 | D:3      | Killed from afar by an orc priest

Vault maps used:
D:1:      dpeg_arrival_brainrot
D:2:      kennysheep_the_goblin_king, uniq_robin
D:4:      minmay_diamond_boxcup, first_bread
D:5:      nemelex_altar_shiori, portal_sewer_entry_b, grunt_ministairs_10,
          lemuel_tele_altar
Temple:   regret_index_temple_generic_petals

Skill      XL: |  1  2  3  4  5  6  7 |
---------------+----------------------+-----
Evocations     | 4 5 |  5.0
Shields        | 1 2 3 |  3.2
Maces & Flails | 2 3 4 |  4.6
Fighting       | |  1.1
Short Blades   | |  1.3
Dodging        | |  2.4
Stealth        | |  1.3

Action                   |  1- 3 |  4- 6 |  7- 9 || total
-------------------------+-------+-------+-------++-------
Melee: Short sword       |   102 |   117 |       ||   219
       Morningstar       |       |    89 |    41 ||   130
       Mace              |       |       |    64 ||    64
Evoke: Wand              |       |     6 |     2 ||     8
  Use: Scroll            |     4 |       |       ||     4
  Eat: Chunk             |     9 |     5 |     1 ||    15
Armor: Scale mail        |    39 |    70 |    30 ||   139
Dodge: Dodged            |    58 |    95 |    49 ||   202
Block: Buckler           |     9 |    68 |    41 ||   118
